 Dungeon Crawl Stone Soup version 0.30-a0-989-g0d87f670db (webtiles) character file.

Game seed: 16090069734150202592

52 mopl the Trooper (level 3, -6/24 HPs)
             Began as a Gargoyle Fighter on Apr 3, 2023.
             Killed by divine providence
             ... invoked by an orc priest
              (11 damage)
             ... on level 3 of the Dungeon.
             The game lasted 00:02:29 (1391 turns).

mopl the Trooper (Gargoyle Fighter)                 Turns: 1391, Time: 00:02:30

Health: -6/24      AC: 12    Str: 19    XL:     3   Next: 85%
Magic:  3/3        EV:  7    Int:  8    God:
Gold:   47         SH:  9    Dex: 11    Spells: 2/2 levels left

rFire   . . .      SeeInvis .    a - +0 flail
rCold   . . .      Faith    .    c - +0 buckler
rNeg    + . .      Spirit   .    i - +0 chain mail
rPois   ∞          Reflect  +    (no helmet)
rElec   +          Rampage  .    (no cloak)
rCorr   .                        (no gloves)
Will    .....                    (no boots) Stlth
                                 j - amulet of reflection
HPRegen 0.24/turn                (no ring)
MPRegen 0.08/turn                (no ring)

@: no status effects
A: sickness immunity, AC +3, negative energy resistance 1, electricity
resistance, torment resistance 1, petrification resistance
a: no special abilities


You were on level 3 of the Dungeon.
You visited 1 branch of the dungeon, and saw 3 of its levels.

You collected 47 gold pieces.

Inventory:

Hand Weapons
 a - a +0 flail (weapon)
Missiles
 h - 6 boomerangs (quivered)
 m - 4 poisoned darts
Armour
 c - a +0 buckler (worn)
 i - a +0 chain mail (worn)
Jewellery
 j - an amulet of reflection (around neck)
 p - a ring of flight
Wands
 o - a wand of roots (21)
Scrolls
 b - a scroll of brand weapon {unknown}
 f - 2 scrolls of identify {unknown}
 l - 3 scrolls of fear {unknown}
Potions
 d - a potion of might
 e - 2 potions of heal wounds {unknown}
 g - 2 potions of lignification {unknown}
 k - a potion of flight {unknown}
 n - a potion of attraction {unknown}
 q - a potion of ambrosia {unknown}


   Skills:
 + Level 3.9 Fighting
 * Level 3.5 Maces & Flails
 - Level 3.2 Armour
 - Level 3.2 Shields


You had 2 spell levels left.
You didn't know any spells.
Your spell library contained the following spells:

 Spells                   Type           Power      Damage    Failure   Level
 Necrotise                Necr           0%         1d4       100%        1
 Vampiric Draining        Necr           0%         2d6       100%        3
 Agony                    Necr           0%         N/A       100%        5


Dungeon Overview and Level Annotations

Branches:
Dungeon (3/15)

Altars:
Dithmenos

Shops:
D:1 [(?(


Innate Abilities, Weirdness & Mutations

You are immune to sickness and miasma.
Your stone body is resilient. (AC +3)
You are immune to poison.
You resist negative energy. (rN+)
You are resistant to electric shocks. (rElec)
You are resistant to unholy torment.
You are immune to petrification.


Message History

You kill the giant cockroach!
No target in view!
No target in view!
No target in view!
No target in view!
No target in view!
You see here a giant cockroach corpse.
You open the large door.
A rat comes into view.
A rat is nearby!
There is a large open door here.
Found a runed brass ring.
There is a large open door here.
You barely miss the rat. The rat bites you but does no damage.
You hit the rat.
You kill the rat!
No target in view!
No target in view!
No target in view!
No target in view!
No target in view!
No target in view!
No target in view!
An orc priest comes into view. It is wielding a +0 club.
Found a scroll labelled CUFAMETWUCK.
The orc priest shouts!
You hear a shout!
An orc comes into view. It is wielding a +0 mace.
Found a lumpy brown potion.
The orc shouts!
The orc priest invokes the aid of Beogh against you.
Pain shoots through your body!
The orc moves out of view.
An orc comes into view. It is wielding a +0 falchion.
The orc priest mumbles some strange prayers to Beogh against you.
Beogh smites you!
Ouch! That really hurt!
* * * LOW HITPOINT WARNING * * *
The orc moves out of view.
The orc priest invokes the aid of Beogh against you.
Beogh smites you!
You die...

..... #####...!...# ....
.........o..# ..#
............#+## ..#
.?............# ..+
..............# ..#
#.=.......# ..#
###########.........#
..#####........##.........#
......'†.......'@..........
#######........##..........
#........##..........
###########.........#
#.........# ########+#


You could see an orc priest.

Vanquished Creatures
  An adder (D:2)
  2 worms (D:2)
  A dart slug (D:1)
  4 ball pythons
  5 endoplasms
  A giant cockroach (D:3)
  4 goblins
  4 hobgoblins
  A quokka (D:1)
  4 bats
  A frilled lizard (D:1)
  2 kobolds (D:1)
  3 rats
33 creatures vanquished.

Vanquished Creatures (others)
  4 toadstools (D:1)
4 creatures vanquished.

Grand Total: 37 creatures vanquished

Notes
Turn   | Place    | Note
-------+----------+-------------------------------------------
     0 | D:1      | mopl the Gargoyle Fighter began the quest for the Orb.
     0 | D:1      | Reached XP level 1. HP: 14/14 MP: 1/1
   288 | D:1      | Found Zikhih's Weapon Shoppe.
   335 | D:1      | Reached XP level 2. HP: 19/19 MP: 2/2
   383 | D:1      | Found Ycvycorufi's Antique Armour Emporium.
   541 | D:1      | Found Anitok's Magic Scroll Shoppe.
   569 | D:1      | Found Haofiew's Antique Weapon Boutique.
   660 | D:1      | Reached skill level 3 in Maces & Flails
   794 | D:2      | Reached XP level 3. HP: 23/24 MP: 3/3
   923 | D:2      | Found a shadowy altar of Dithmenos.
   947 | D:2      | Found a faded altar of an unknown god.
  1391 | D:3      | Killed from afar by an orc priest

Illustrated notes

Levels and vault maps discovered:
D:1:      ldierk_walled_garden_2, layout_basic, serial_shops,
          nicolae_square_shop, nicolae_shop_competitors_out_of_business,
          nicolae_diamond_shop, shop
D:2:      layout_basic, basic_ecumenical_altar, basic_altar
D:3:      layout_basic

Skill      XL: |  1  2 |
---------------+-------+-----
Maces & Flails | 3 |  3.5
Fighting       | |  3.9
Armour         | |  3.2
Shields        | |  3.2

Action                     || total
---------------------------++-------
  Melee: Flail             ||   117
 Armour: Chain mail        ||    50
         Scale mail        ||     2
  Dodge: Dodged            ||    30
  Block: Buckler           ||    61

Table legend: (Time is in decaauts)
 A = Elapsed time spent in this place.
 B = Non-inter-level travel time spent in this place.
 C = Inter-level travel time spent in this place.
 D = Time resting spent in this place.
 E = Time spent auto-exploring this place.
 F = Levels seen in this place.
 G = Mean time per level.
                   A        B        C        D        E       F      G
               +--------+--------+--------+--------+--------+-----+--------+
         Total |   1427 |   1382 |     45 |      0 |   1071 |   3 |  475.7 |
       Dungeon |   1427 |   1382 |     45 |      0 |   1071 |   3 |  475.7 |
               +--------+--------+--------+--------+--------+-----+--------+

Top non-repeatable levels by time:
     D:1: 771 daAuts
     D:2: 570 daAuts
     D:3: 85 daAuts
